 Dungeon Crawl Stone Soup version 0.29-a0-234-g0dae59b3db (webtiles) character file.

Game seed: 7668637100440357881

9581 Ordine the Basher (level 11, -7/71 HPs)
             Began as a Tengu Warper on Mar 3, 2022.
             Was an Elder of Okawaru.
             Killed from afar by a gargoyle (29 damage)
             ... with a stone arrow
             ... on level 10 of the Dungeon.
             The game lasted 00:28:18 (8676 turns).

Ordine the Basher (Tengu Warper)                    Turns: 8676, Time: 00:28:18

Health: -7/71      AC:  8    Str: 15    XL:     11   Next: 48%
Magic:  15/15      EV:  8    Int: 19    God:    Okawaru [****..]
Gold:   290        SH:  0    Dex: 13    Spells: 9/14 levels left

rFire   . . .      SeeInvis .   A - +4 morningstar
rCold   . . .      Faith    .   (no shield)
rNeg    . . .      Spirit   .   L - +0 chain mail of the Miller {+Inv Will+ Int-2 Slay+5}
rPois   .          Reflect  .   (helmet restricted)
rElec   .          Harm     .   M - scarf {repulsion}
rCorr   .          Rampage  .   (no gloves)
Will    +....                   (boots unavailable)
Stlth   ..........              j - amulet of regeneration
HPRegen 1.01/turn               v - +6 ring of intelligence
MPRegen 0.14/turn               (no ring)

@: flying quickly and evasively, repel missiles, quick
A: beak, talons 3, nimble flight
a: Renounce Religion, Evoke Invisibility, Heroism, Finesse


You were on level 10 of the Dungeon.
You worshipped Okawaru.
Okawaru was greatly pleased with you.
You visited 2 branches of the dungeon, and saw 11 of its levels.
You also visited: Ossuary.

You collected 695 gold pieces.
You spent 405 gold pieces at shops.

Inventory:

Hand Weapons
 A - a +4 morningstar (weapon)
Missiles
 d - 5 boomerangs of dispersal
 h - 6 boomerangs (quivered)
 m - 28 poisoned darts
 s - 4 javelins
 B - a throwing net
Armour
 e - an orb of wrath
 i - +0 steam dragon scales
 G - a +0 kite shield
 L - the +0 chain mail of the Miller (worn) {+Inv Will+ Int-2 Slay+5}
   (You took it off a kobold on level 9 of the Dungeon)

   Int:       It affects your intelligence (-2).
   Slay:      It affects your accuracy & damage with ranged weapons and melee
   (+5).
   +Inv:      It lets you turn invisible.
   Will:      It increases your willpower.
 M - a scarf of repulsion (worn)
Jewellery
 j - an amulet of regeneration (around neck)
 v - a +6 ring of intelligence (left hand)
 K - an amulet of guardian spirit
Wands
 D - a wand of iceblast (11)
 J - a wand of flame (18)
Scrolls
 a - 4 scrolls of magic mapping
 c - 7 scrolls of blinking
 k - 6 scrolls of teleportation
 l - 2 scrolls of acquirement
 p - 2 scrolls of enchant weapon
 u - a scroll of noise {unknown}
 w - 2 scrolls of immolation
 x - a scroll of vulnerability
 y - a scroll of fog
 z - a scroll of fear
 C - a scroll of holy word
 E - a scroll of summoning
 H - 2 scrolls of enchant armour {unknown}
 N - a scroll of amnesia {unknown}
Potions
 b - 3 potions of mutation {unknown}
 f - 2 potions of attraction
 g - 5 potions of brilliance
 n - 4 potions of might
 o - 3 potions of curing
 q - a potion of invisibility
 r - 2 potions of ambrosia
 t - a potion of berserk rage
 F - a potion of magic
 I - a potion of lignification


   Skills:
 + Level 9.2 Fighting
 * Level 13.8 Maces & Flails
 + Level 8.9 Throwing
 - Level 1.1 Armour
 - Level 2.1 Dodging
 - Level 2.0 Spellcasting
 - Level 2.4 Translocations


You had 9 spell levels left.
You knew the following spells:

 Your Spells              Type           Power      Damage    Failure   Level
a - Blink                 Tloc           22%        N/A       92%         2
b - Portal Projectile     Hex/Tloc       12%        N/A       100%        3

Your spell library contained the following spells:

 Spells                   Type           Power      Damage    Failure   Level
 Gell's Gravitas          Tloc           11%        N/A       99%         3
 Lesser Beckoning         Tloc           11%        N/A       99%         3
 Teleport Other           Tloc           11%        N/A       99%         3
 Frozen Ramparts          Ice            2%         1d2       100%        3
 Inner Flame              Hex/Fire       1%         N/A       100%        3
 Cause Fear               Hex            0%         N/A       100%        4
 Ice Form                 Ice/Tmut       1%         N/A       100%        4
 Leda's Liquefaction      Hex/Erth       0%         N/A       100%        4
 Manifold Assault         Tloc           11%        N/A       100%        5
 Orb of Destruction       Conj           0%         9d5       100%        7
 Discord                  Hex            0%         N/A       100%        8
 Chain Lightning          Conj/Air       0%         2d1       100%        9
 Fire Storm               Conj/Fire      0%         6d1       100%        9
 Shatter                  Erth           0%         3d5*      100%        9
 Call Canine Familiar     Summ           Unusable   N/A       N/A         3
 Summon Guardian Golem    Hex/Summ       Unusable   N/A       N/A         3
 Summon Ice Beast         Ice/Summ       Unusable   N/A       N/A         4
 Spellforged Servitor     Conj/Summ      Unusable   N/A       N/A         7

Dungeon Overview and Level Annotations

Branches:
Dungeon (10/15)            Temple (1/1) D:6         Ossuary (visited)
   Lair: D:8-11         Orc: D:9-12

Altars:
Ashenzari
Cheibriados
Dithmenos
Elyvilon
Fedhas
Gozag
Hepliaklqana
Kikubaaqudgha
Makhleb
Nemelex Xobeh
Okawaru
Qazlal
Ru
Sif Muna
Trog
Uskayaw
Vehumet
Wu Jian
Xom
Yredelemnul
Zin
The Shining One

Shops:
D:6 !


Innate Abilities, Weirdness & Mutations

You have a beak for a mouth.
You have claws for feet.
Your magical nature lets you fly swiftly and evasively.


Message History

You barely miss the gargoyle. Your kick misses the gargoyle.
You peck the gargoyle, but do no damage.
The gargoyle hits you with a +0 flail!
You puncture the wraith! You claw the wraith.
The wraith is heavily damaged.
The gargoyle hurls a stone arrow at you.
The stone arrow is repelled.
The wraith closely misses you.
You puncture the wraith!
You destroy the wraith!
Okawaru accepts your kill.
The gargoyle hits you but does no damage.
You barely miss the gargoyle. Your kick misses the gargoyle.
You peck the gargoyle, but do no damage.
The gargoyle barely misses you.
You hit the gargoyle but do no damage.
You peck the gargoyle, but do no damage.
You barely miss the gargoyle.
You claw the gargoyle, but do no damage.
You peck the gargoyle.
The gargoyle is lightly damaged.
The gargoyle hurls a stone arrow at you.
The stone arrow misses you.
You hit the gargoyle but do no damage. Your kick misses the gargoyle.
You peck the gargoyle!
The gargoyle is moderately damaged.
The gargoyle hits you with a +0 flail!
You puncture the gargoyle!
You peck the gargoyle, but do no damage.
The gargoyle is severely damaged.
The gargoyle hurls a stone arrow at you.
The stone arrow hits you!!
You are too injured to fight recklessly!
You are too injured to fight recklessly!
You are too injured to fight recklessly!
You hit the gargoyle but do no damage.
You claw the gargoyle, but do no damage.
The gargoyle is severely damaged.
The gargoyle hurls a stone arrow at you.
The stone arrow hits you!!
You die...

## #. ####.
#.......##.## #.###...#
............#####...#...
.............##.#.#.#.#.
........................
..............#.#.#.#.#.
........... #...........
.......9.# #.#.#.#.#.#.
#......@# #...........
#.......#####.#.#.#.#.#.
...........#.#..........
.....#.......##.#.#.#.#.
...####.................
.. #.......#.#.#.#.#. .
#...#..............
#..##.....#.#.#.#.#.
..## #...............


You could see a gargoyle.

Vanquished Creatures
  2 two-headed ogres (D:9)
  A manticore (D:9)
  Joseph (D:8)
  Maggie (D:7)
  Sigmund (D:5)
  A wyvern (D:8)
  13 yaks
  A wraith (D:10)
  4 water moccasins
  An ice beast (D:5)
  3 orc warriors
  A black bear (D:5)
  A hornet zombie (Ossuary)
  4 ogres
  6 centaurs
  2 phantoms
  3 kobold brigands
  2 bullfrogs
  A gnoll sergeant (D:7)
  A scorpion (D:4)
  2 water moccasin zombies (Ossuary)
  12 wights
  6 killer bees
  A howler monkey (D:9)
  2 electric eels (D:9)
  4 centaur zombies (Ossuary)
  5 bullfrog zombies (Ossuary)
  2 jellies
  3 hounds
  3 orc priests
  3 gnoll shamans
  An iguana (D:5)
  12 orc wizards
  3 killer bee zombies (Ossuary)
  7 mummies (Ossuary)
  2 howler monkey zombies (Ossuary)
  Robin (D:3)
  24 gnolls
  8 adders
  A shadow imp (D:6)
  2 white imps
  An ufetubus (D:5)
  A worm (D:3)
  2 dart slugs
  29 orcs
  11 endoplasms
  4 giant cockroaches
  22 goblins
  6 hobgoblins
  5 quokkas
  5 ball pythons
  5 bats
  6 frilled lizards
  33 kobolds
  4 rats
288 creatures vanquished.

Vanquished Creatures (others)
  10 withered plants (Ossuary)
10 creatures vanquished.

Grand Total: 298 creatures vanquished

Notes
Turn   | Place    | Note
-------+----------+-------------------------------------------
     0 | D:1      | Ordine the Tengu Warper began the quest for the Orb.
     0 | D:1      | Reached XP level 1. HP: 12/12 MP: 4/4
   280 | D:1      | Reached XP level 2. HP: 17/17 MP: 6/6
   802 | D:1      | Reached skill level 3 in Maces & Flails
   954 | D:2      | Reached XP level 3. HP: 22/22 MP: 7/7
  1015 | D:2      | Learned a level 2 spell: Blink
  1170 | D:2      | Found a faded altar of an unknown god.
  1248 | D:2      | Found a bloodstained altar of Trog.
  1261 | D:2      | Reached XP level 4. HP: 27/27 MP: 8/8
  1276 | D:2      | You fall into a shaft and drop 1 floor!
  1663 | D:3      | Noticed an orc warrior
  1673 | D:3      | Reached skill level 4 in Maces & Flails
  1677 | D:3      | Killed an orc warrior
  1678 | D:3      | Gained mutation: Your magical nature lets you fly swiftly
                  | and evasively. [Tengu growth]
  1678 | D:3      | Reached XP level 5. HP: 17/32 MP: 9/9
  1693 | D:3      | Reached XP level 6. HP: 30/37 MP: 10/10
  1707 | D:3      | Reached skill level 5 in Maces & Flails
  1763 | D:3      | Learned a level 3 spell: Portal Projectile
  2065 | D:3      | Found a sacrificial altar of Ru.
  2092 | D:3      | Noticed Robin
  2120 | D:3      | Killed Robin
  2527 | D:4      | Noticed a water moccasin
  2564 | D:4      | Killed a water moccasin
  2565 | D:4      | Reached skill level 6 in Maces & Flails
  2565 | D:4      | Reached XP level 7. HP: 22/43 MP: 11/11
  3002 | D:4      | Found a basalt altar of Yredelemnul.
  3388 | D:5      | Entered Level 5 of the Dungeon
  3458 | D:5      | Found a sand-covered staircase.
  3467 | Ossuary  | Entered an ossuary
  3500 | Ossuary  | Reached skill level 7 in Maces & Flails
  3521 | Ossuary  | Reached XP level 8. HP: 41/48 MP: 12/12
  3657 | Ossuary  | Reached skill level 5 in Fighting
  3826 | Ossuary  | Reached skill level 8 in Maces & Flails
  3871 | Ossuary  | Reached skill level 5 in Throwing
  3983 | D:5      | Reached XP level 9. HP: 35/55 MP: 13/13
  4019 | D:5      | Reached skill level 9 in Maces & Flails
  4246 | D:5      | Noticed Sigmund
  4266 | D:5      | Killed Sigmund
  4438 | D:5      | Found an opulent altar of Gozag.
  4439 | D:5      | Found a sparkling altar of Nemelex Xobeh.
  4634 | D:6      | Reached skill level 10 in Maces & Flails
  4654 | D:6      | Found a white marble altar of Elyvilon.
  4835 | D:6      | Found a staircase to the Ecumenical Temple.
  4845 | Temple   | Entered the Ecumenical Temple
  4913 | Temple   | Became a worshipper of Warmaster Okawaru
  5114 | D:6      | Identified 2 scrolls of acquirement
  5328 | D:6      | Found a shimmering altar of Xom.
  5476 | D:6      | Found Himp's Distillery.
  5479 | D:6      | Bought a potion of berserk rage for 75 gold pieces
  5479 | D:6      | Bought a potion of heal wounds for 75 gold pieces
  5479 | D:6      | Bought a potion of invisibility for 120 gold pieces
  5479 | D:6      | Bought a potion of magic for 120 gold pieces
  5479 | D:6      | Bought a potion of degeneration for 15 gold pieces
  6182 | D:7      | Reached XP level 10. HP: 63/63 MP: 14/14
  6234 | D:7      | Reached skill level 11 in Maces & Flails
  6292 | D:7      | Noticed Maggie
  6307 | D:7      | Killed Maggie
  6307 | D:7      | Reached * piety under Okawaru
  6890 | D:8      | Noticed a two-headed ogre
  6909 | D:8      | HP: 1/63 [two-headed ogre/+0 giant club[an orc] (23)]
  7160 | D:8      | Found a hide-covered altar of Uskayaw.
  7160 | D:8      | Noticed Joseph
  7167 | D:8      | Killed Joseph
  7168 | D:8      | Reached skill level 12 in Maces & Flails
  7170 | D:8      | Reached ** piety under Okawaru
  7546 | D:9      | Found a shadowy altar of Dithmenos.
  7546 | D:9      | Found a broken altar of Ashenzari.
  7549 | D:9      | Noticed a two-headed ogre
  7577 | D:9      | Killed a two-headed ogre
  7614 | D:9      | Noticed a manticore
  7626 | D:9      | Killed a manticore
  7722 | D:9      | Identified the +0 chain mail of the Miller {+Inv Will+
                  | Int-2 Slay+5}
  7745 | D:9      | Reached XP level 11. HP: 53/69 MP: 15/15
  7874 | D:9      | Reached skill level 13 in Maces & Flails
  7875 | D:9      | Reached *** piety under Okawaru
  7936 | D:9      | Noticed a two-headed ogre
  7983 | D:9      | Killed a two-headed ogre
  8061 | D:9      | Reached **** piety under Okawaru
  8588 | D:10     | Entered Level 10 of the Dungeon
  8676 | D:10     | Killed from afar by a gargoyle

Illustrated notes

Levels and vault maps discovered:
D:1:      psy_arrival_dodecagon, layout_loops_ring, dk_noncrumbling_3,
          minmay_stone_trees_small, corner_web_ring
D:2:      layout_rooms, basic_altar, shapermc_ecumenical_altar_petra,
          corexii_leaking_fountain
D:3:      layout_loops_ring, mainiacjoe_overflow_brackets, grunt_ministairs_15,
          serial_bayou_pond_a, uniq_robin
D:4:      layout_basic, mainiacjoe_overflow_24_doors
D:5:      layout_rooms, grunt_temple_overflow_opulence,
          nicolae_ossuary_entry_monument, uniq_sigmund
D:6:      layout_basic, mainiacjoe_overflow_alcove_1, elyvilon_altar_4,
          minmay_temple_entry_glass, serial_shops, kennysheep_mini
D:7:      layout_loops_ring, uniq_maggie
D:8:      layout_rooms, nicolae_uskayaw_dance_studio, uniq_joseph
D:9:      layout_roguey, jmf_multi_god_temple, roderic_serpentine_path,
          st_stairs_11, hex_tiny, minmay_crystal_water, kennysheep_another_room
D:10:     layout_layer_cave, st_stairs_11
Temple:   nicolae_temple_figure_eight

Skill      XL: |  1  2  3  4  5  6  7  8  9 10 11 |
---------------+----------------------------------+-----
Maces & Flails | 3 4 6 7 8 10 12 13 | 13.8
Throwing       | 2 3 4 5 6 8 |  8.9
Fighting       | 3 4 5 7 8 9 |  9.2
Armour         | |  1.1
Dodging        | |  2.1
Spellcasting   | |  2.0
Translocations | |  2.4

Action                   |  1- 3 |  4- 6 |  7- 9 | 10-12 || total
-------------------------+-------+-------+-------+-------++-------
Melee: Mace              |    69 |   134 |   464 |    10 ||   677
       Kick              |    15 |    24 |   154 |    84 ||   277
       Peck              |     3 |    15 |   103 |    54 ||   175
       Punch             |       |       |     9 |     3 ||    12
       Morningstar       |       |       |       |   244 ||   244
Throw: Boomerang         |       |       |       |    16 ||    16
 Cast: Blink             |       |       |     1 |       ||     1
Invok: Heroism           |       |       |       |     3 ||     3
  Use: Potion            |       |     4 |       |     6 ||    10
       Scroll            |       |       |    13 |     1 ||    14
 Stab: Distracted        |       |       |     1 |       ||     1
Armor: Leather armour    |    22 |    29 |   136 |     1 ||   188
       Skin              |       |    66 |     6 |       ||    72
       Steam dragon scal |       |       |       |    27 ||    27
       Chain mail        |       |       |       |    19 ||    19
Dodge: Dodged            |    30 |    81 |   313 |   118 ||   542
       Repelled          |       |       |       |     2 ||     2

Table legend: (Time is in decaauts)
 A = Elapsed time spent in this place.
 B = Non-inter-level travel time spent in this place.
 C = Inter-level travel time spent in this place.
 D = Time resting spent in this place.
 E = Time spent auto-exploring this place.
 F = Levels seen in this place.
 G = Mean time per level.
                   A        B        C        D        E       F      G
               +--------+--------+--------+--------+--------+-----+--------+
         Total |   8382 |   8146 |    236 |    601 |   5490 |  12 |  698.5 |
       Dungeon |   7698 |   7472 |    226 |    587 |   5065 |  10 |  769.8 |
        Temple |    216 |    207 |      9 |      0 |    190 |   1 |  216.0 |
       Ossuary |    467 |    467 |      0 |     13 |    234 |   1 |  467.0 |
               +--------+--------+--------+--------+--------+-----+--------+

Top non-repeatable levels by time:
     D:1: 993 daAuts
     D:9: 967 daAuts
     D:4: 963 daAuts
     D:7: 953 daAuts
     D:3: 885 daAuts
     D:6: 818 daAuts
     D:8: 722 daAuts
     D:2: 706 daAuts
     D:5: 610 daAuts
 Ossuary: 467 daAuts
  Temple: 216 daAuts
    D:10: 79 daAuts
